[Event "Titled Tuesday Blitz May 4 2021"]
[White "Rustemov, Alexander"]
[Black "Pein, Jonathan"]
[WhiteFideId "4119002"]
[BlackFideId "417092"]
[WhiteElo "2615"]
[BlackElo "2167"]
[Result "0-1"]
[Round "02"]
[TimeControl "180+1"]
[Date "2021.05.04"]
[WhiteClock "0:01:29"]
[BlackClock "0:00:11"]

1. d4 d5 2. c4 Nc6 3. Nf3 Bg4 4. cxd5 Bxf3 5. gxf3 Qxd5 6. e3 e5 7. Nc3 Bb4 8. Bd2 Bxc3 9. bxc3 Nge7 10. Qb3 Qxf3 11. Rg1 O-O 12. Be2 Qf6 13. Qxb7 Rab8 14. Qa6 Rb2 15. Rd1 e4 16. Qc4 Rfb8 17. Rg4 Qd6 18. Rf4 Nd8 19. Rxe4 Ne6 20. f4 Nf5 21. Re5 g6 22. Kf2 Qd8 23. Qd5 Qh4+ 24. Kg1 Rxd2 25. Rxd2 Rb1+ 26. Bf1 Qe1 27. Qg2 Nxe3 28. Rxe3 Qxe3+ 29. Qf2 Qxf4 30. Qxf4 Nxf4 31. Kf2 Nd5 32. c4 Nc3 33. d5 Ne4+ 34. Ke3 Nxd2 35. Bd3 Nxc4+ 36. Kd4 Rh1 37. Bxc4 Rxh2 38. Kc5 Rc2 39. Kb5 Kf8 40. Bb3 Rc3 41. Ka6 Ke7 42. Kxa7 Kd6 43. Kb7 h5 44. Ba4 Ra3 45. Be8 Rxa2 46. Bxf7 Rb2+ 47. Kc8 Rg2 48. Kd8 h4 49. Be6 Rg3 50. Ke8 h3 0-1


[Site "https://www.chess.com"]

[Event "Titled Tuesday Blitz May 4 2021"]
[White "Rytenko, Vsevolod"]
[Black "Ivanisevic, Ivan"]
[WhiteFideId "14133040"]
[BlackFideId "912417"]
[WhiteElo "2228"]
[BlackElo "2525"]
[Result "0-1"]
[Round "02"]
[TimeControl "180+1"]
[Date "2021.05.04"]
[WhiteClock "0:00:53"]
[BlackClock "0:00:58"]

1. d4 Nf6 2. c4 c5 3. Nf3 cxd4 4. Nxd4 Nc6 5. Nc3 e6 6. g3 Bc5 7. e3 O-O 8. Bg2 d5 9. cxd5 exd5 10. O-O Bg4 11. Qa4 Qd7 12. Nxc6 bxc6 13. b3 Rfe8 14. Bb2 Bb6 15. Rac1 h5 16. Qf4 Bc7 17. Qg5 Re5 18. Qh4 g5 19. f4 gxh4 20. fxe5 Bxe5 21. Na4 Bxb2 22. Nxb2 Qe7 23. Rce1 h3 24. Bh1 Ne4 25. Nd3 Re8 26. Nf4 Qe5 27. Bf3 Nd2 28. Bxg4 hxg4 29. Nd3 Qe4 30. Nf4 Nxf1 31. Rxf1 Qxe3+ 0-1


[Site "https://www.chess.com"]

[Event "Titled Tuesday Blitz May 4 2021"]
[White "Rzayev, Bahruz"]
[Black "Alboredo, Julia"]
[WhiteFideId "13403036"]
[BlackFideId "2124807"]
[WhiteElo "2331"]
[BlackElo "2041"]
[Result "1-0"]
[Round "02"]
[TimeControl "180+1"]
[Date "2021.05.04"]
[WhiteClock "0:00:21"]
[BlackClock "0:00:11"]

1. e4 c5 2. Nf3 d6 3. Nc3 Nc6 4. g3 e6 5. Bg2 Nge7 6. O-O g6 7. d4 cxd4 8. Nxd4 Bg7 9. Ndb5 O-O 10. Qxd6 a6 11. Qxd8 Rxd8 12. Na3 b5 13. Ne2 Bb7 14. c3 b4 15. cxb4 Nxb4 16. Nc4 a5 17. Bg5 f6 18. Bf4 Ba6 19. b3 Bxc4 20. bxc4 Rac8 21. a3 Nd3 22. Rfd1 Nxf4 23. Nxf4 Kf7 24. Bf1 f5 25. Rxd8 Rxd8 26. Rb1 Rd2 27. exf5 exf5 28. Rb7 Ke8 29. Ne6 Be5 30. c5 Rc2 31. f4 Bb2 32. a4 Ba3 33. Bb5+ Kf7 34. Ng5+ Kf8 35. c6 Rc1+ 36. Kf2 Nxc6 37. Nxh7+ Ke8 38. Rc7 Kd8 39. Rxc6 Rxc6 40. Bxc6 Ke7 41. Ng5 Kf6 42. Ke2 Bb4 43. Nf3 Bc5 44. Kd3 g5 45. Kc4 g4 46. Kxc5 gxf3 47. Bxf3 1-0


[Site "https://www.chess.com"]

[Event "Titled Tuesday Blitz May 4 2021"]
[White "Sadhwani, Raunak"]
[Black "gross-aleks"]
[WhiteFideId "35093487"]
[WhiteElo "2514"]
[BlackElo "2605"]
[Result "1/2-1/2"]
[Round "02"]
[TimeControl "180+1"]
[Date "2021.05.04"]
[WhiteClock "0:00:04"]
[BlackClock "0:00:13"]

1. b3 c5 2. Bb2 Nc6 3. e4 Nf6 4. Nc3 d5 5. exd5 Nxd5 6. Bb5 Nxc3 7. Bxc6+ bxc6 8. Bxc3 f6 9. Qh5+ g6 10. Qxc5 Bb7 11. Qe3 e5 12. f4 Qd5 13. fxe5 Qxg2 14. exf6+ Kf7 15. Nf3 Re8 16. Qxe8+ Kxe8 17. Rf1 Ba6 18. d3 Bh6 19. f7+ Kxf7 20. Nh4+ Qxf1+ 21. Kxf1 Re8 22. Nf3 Re3 23. Kf2 Ke6 24. Nd4+ Kd5 25. Nf3 Re8 26. Re1 Rf8 27. Kg2 c5 28. Re5+ Kd6 29. Ng5 Bb7+ 30. Ne4+ Bxe4+ 31. Rxe4 Rf5 32. Be1 Kd5 33. Bf2 Bg7 34. c4+ Kd6 35. d4 Rg5+ 36. Kf3 Rf5+ 37. Ke2 cxd4 38. Bxd4 Bh6 39. Be3 Bxe3 40. Kxe3 a5 41. Rd4+ Kc5 42. Rd7 Rh5 43. Rd2 Kb4 44. Rc2 Rh3+ 45. Kf4 Rh5 46. Kg4 Rc5 47. h4 a4 48. bxa4 Kxa4 49. Kf4 Kb4 50. Kg4 h6 51. Kf4 Rxc4+ 52. Rxc4+ Kxc4 53. Ke5 Kb4 54. Kf6 g5 55. hxg5 hxg5 56. Kxg5 Ka3 57. Kf5 Kxa2 1/2-1/2


[Site "https://www.chess.com"]

[Event "Titled Tuesday Blitz May 4 2021"]
[White "Sahil, Tickoo"]
[Black "Demin, Vladimir"]
[WhiteFideId "5019710"]
[BlackFideId "4167457"]
[WhiteElo "2099"]
[BlackElo "2456"]
[Result "0-1"]
[Round "02"]
[TimeControl "180+1"]
[Date "2021.05.04"]
[WhiteClock "0:00:24"]
[BlackClock "0:00:32"]

1. d4 Nf6 2. c4 e5 3. dxe5 Ng4 4. Nf3 Bc5 5. e3 Nc6 6. Nc3 O-O 7. a3 a5 8. Nd5 Ngxe5 9. Nxe5 Nxe5 10. f4 Ng6 11. Bd3 Re8 12. Qf3 c6 13. Nc3 Qh4+ 14. Kf1 d6 15. Ne4 Bg4 16. Qf2 Qxf2+ 17. Kxf2 Ba7 18. g3 d5 19. cxd5 cxd5 20. Ng5 d4 21. e4 Ne7 22. h3 Bd7 23. Bd2 Bc6 24. Rhe1 Nc8 25. e5 h6 26. Ne4 Ne7 27. Nd6 Red8 28. Rac1 Nd5 29. h4 a4 30. Ba5 Rd7 31. Bd2 Ne3 32. Nc4 Nxc4 33. Bxc4 d3+ 34. Kf1 Bf3 35. e6 Bg4 36. Kg2 fxe6 37. Rxe6 Kh8 38. Re5 Bd4 39. Rb5 Re8 40. Bxd3 Bf6 0-1


[Site "https://www.chess.com"]

[Event "Titled Tuesday Blitz May 4 2021"]
[White "Sailer, Mike"]
[Black "Perez Rodriguez, Jennifer"]
[WhiteFideId "2012901"]
[BlackFideId "3507831"]
[WhiteElo "2109"]
[BlackElo "2170"]
[Result "1-0"]
[Round "02"]
[TimeControl "180+1"]
[Date "2021.05.04"]
[WhiteClock "0:00:19"]
[BlackClock "0:00:04"]

1. d4 Nf6 2. Nf3 e6 3. Bf4 d5 4. e3 Bd6 5. Bg3 O-O 6. Bd3 c5 7. c3 Qc7 8. Nbd2 b6 9. a3 Bb7 10. b4 Nbd7 11. Rc1 e5 12. dxe5 Nxe5 13. Nxe5 Bxe5 14. Qc2 Rfe8 15. Nf3 Bd6 16. Bxd6 Qxd6 17. O-O Rad8 18. Be2 Ne4 19. bxc5 bxc5 20. c4 d4 21. exd4 cxd4 22. c5 Qc6 23. Bd3 f5 24. a4 a6 25. Rfe1 Kh8 26. Bf1 Re6 27. Red1 Rg6 28. Nxd4 Qf6 29. c6 Ba8 30. c7 Rc8 31. Ne6 h6 32. Rd8+ Kh7 33. Rxc8 1-0


[Site "https://www.chess.com"]

[Event "Titled Tuesday Blitz May 4 2021"]
[White "Salinas Herrera, Pablo"]
[Black "Garcia Fuentes, Sergio Miguel"]
[WhiteFideId "3407128"]
[BlackFideId "7300549"]
[WhiteElo "2541"]
[BlackElo "2167"]
[Result "1-0"]
[Round "02"]
[TimeControl "180+1"]
[Date "2021.05.04"]
[WhiteClock "0:01:07"]
[BlackClock "0:00:14"]

1. d4 d5 2. Bf4 c5 3. e3 Nc6 4. Nf3 Qb6 5. Nc3 cxd4 6. exd4 Be6 7. Na4 Qa5+ 8. c3 Bf5 9. Qb3 Nd8 10. Nc5 e5 11. Bb5+ Nc6 12. Nxe5 Bxc5 13. Nxc6 Qb6 14. dxc5 Qxc5 15. Nd4+ Kf8 16. Nxf5 1-0


[Site "https://www.chess.com"]

[Event "Titled Tuesday Blitz May 4 2021"]
[White "Samadov, Read"]
[Black "Daulyte-Cornette, Deimante"]
[WhiteFideId "13417444"]
[BlackFideId "12802859"]
[WhiteElo "2084"]
[BlackElo "2285"]
[Result "1-0"]
[Round "02"]
[TimeControl "180+1"]
[Date "2021.05.04"]
[WhiteClock "0:00:33"]
[BlackClock "0:00:04"]

1. d4 d6 2. c4 e5 3. Nc3 exd4 4. Qxd4 Nc6 5. Qd2 Nf6 6. b3 a5 7. Bb2 a4 8. Rd1 axb3 9. axb3 Be7 10. Nf3 O-O 11. g3 Bf5 12. Bg2 h6 13. O-O Re8 14. Ra1 Qd7 15. Nd4 Nxd4 16. Qxd4 c6 17. e4 Bh3 18. f3 Bxg2 19. Kxg2 Bf8 20. Rfd1 Qe6 21. Ne2 Rxa1 22. Rxa1 d5 23. Nf4 Qd7 24. cxd5 cxd5 25. e5 Nh7 26. Qxd5 Qf5 27. Qd3 Qc8 28. Rc1 Qa8 29. Rc2 Rd8 30. Qc4 Ng5 31. h4 b5 32. Qe2 Ne6 33. Nxe6 fxe6 34. Qxb5 Rb8 35. Qc4 Rb6 36. Bd4 Ra6 37. b4 Kf7 38. b5 Ra4 39. Qc7+ Kg8 40. Bf2 Ra3 41. Qc6 Qa4 42. b6 Qb3 43. b7 1-0


[Site "https://www.chess.com"]

[Event "Titled Tuesday Blitz May 4 2021"]
[White "Samarth, J Rao"]
[Black "Karacsonyi, Gellert"]
[WhiteFideId "46652370"]
[BlackFideId "764620"]
[WhiteElo "1514"]
[BlackElo "2192"]
[Result "0-1"]
[Round "02"]
[TimeControl "180+1"]
[Date "2021.05.04"]
[WhiteClock "0:00:01"]
[BlackClock "0:00:07"]

1. c4 f5 2. d4 Nf6 3. Nf3 g6 4. g3 Bg7 5. Bg2 O-O 6. O-O e6 7. d5 d6 8. dxe6 Nc6 9. Ng5 h6 10. Nf7 Qe7 11. Nxh6+ Kh7 12. Nf7 Bxe6 13. Ng5+ Kg8 14. Nxe6 Qxe6 15. Bg5 Kh7 16. Nd2 Rab8 17. Rb1 Ne5 18. b3 Rfe8 19. e4 Nc6 20. Re1 Rf8 21. Bh3 Ne5 22. exf5 gxf5 23. f4 Nfg4 24. fxe5 Nxe5 25. Bf4 Qg6 26. Nf3 Ng4 27. Ng5+ Kh8 28. Bxg4 fxg4 29. Qxg4 Bd4+ 30. Kh1 Rbe8 31. Qh3+ Kg8 32. Qg2 Bc3 33. Qd5+ Kh8 34. Rf1 Bf6 35. Nf3 Bg7 36. Nh4 Qh7 37. Qg2 Bf6 38. Nf3 Qg7 39. Rbe1 Rd8 40. Re6 Qf7 41. Rfe1 Kg8 42. Ng5 Qg7 43. Ne4 Bd4 44. Qh3 Rf7 45. Ng5 Rff8 46. Re7 Qg6 47. Qe6+ Qxe6 48. R1xe6 Bf6 49. Ne4 Bg5 50. Nxg5 Rf7 51. Rg6+ Rg7 52. Rf7 Rxg6 53. Rxc7 Re8 54. Rxb7 Re1+ 55. Kg2 Re2+ 56. Kf3 Rxa2 57. Rb8+ Kg7 58. Bxd6 Rxd6 59. Ne4 Rd7 60. Rb5 Rf7+ 61. Kg4 Rxh2 62. Rg5+ Kf8 63. c5 Rb2 64. Nd6 Rd7 65. Rf5+ Ke7 66. Rf3 Rc2 67. Nf5+ Kd8 68. b4 Rc4+ 69. Rf4 Rxf4+ 70. Kxf4 Rb7 71. Ke5 Rxb4 72. Nd6 Kc7 73. Kd5 Rg4 74. Nb5+ Kb7 75. c6+ Kb6 76. c7 Rg5+ 77. Kd4 Kb7 78. Kc4 a6 0-1


[Site "https://www.chess.com"]

[Event "Titled Tuesday Blitz May 4 2021"]
[White "San, Thit Lwin"]
[Black "Gahan, M G"]
[WhiteFideId "13001272"]
[BlackFideId "5027373"]
[WhiteElo "2232"]
[BlackElo "2264"]
[Result "1/2-1/2"]
[Round "02"]
[TimeControl "180+1"]
[Date "2021.05.04"]
[WhiteClock "0:00:18"]
[BlackClock "0:00:09"]

1. Nf3 Nf6 2. c4 g6 3. Nc3 d5 4. cxd5 Nxd5 5. Qa4+ Bd7 6. Qb3 Nb6 7. d4 Bg7 8. e4 O-O 9. Be3 Bg4 10. Rd1 Nc6 11. e5 Bxf3 12. gxf3 e6 13. h4 h5 14. Ne4 Nd5 15. Bg5 Qc8 16. Bc4 Na5 17. Qa4 Nxc4 18. Qxc4 a5 19. O-O Ra6 20. Rc1 Rc6 21. Qa4 Rxc1 22. Rxc1 b6 23. Qc4 Qb7 24. a3 Qc8 25. b4 axb4 26. axb4 Qd7 27. Qc6 Qxc6 28. Rxc6 Ra8 29. Nc3 Nxb4 30. Rxc7 Ra3 31. Kg2 Rb3 32. Ne4 Nd5 33. Rb7 Rd3 34. Nd6 Rxd4 35. Nxf7 b5 36. Nd8 Nf4+ 37. Bxf4 Rxd8 38. Rxb5 Rd4 39. Bg5 Rd1 40. f4 Rd3 41. Rb7 Rc3 42. Re7 Rc6 43. Bf6 Bf8 44. Re8 Kf7 45. Ra8 Rc4 46. Kf3 Rc3+ 47. Ke4 Rc4+ 48. Ke3 Rc3+ 49. Ke2 Rc2+ 50. Kf1 Rc4 51. Bg5 Bc5 52. Ra2 Rc1+ 53. Kg2 Rc4 54. Rd2 Bd4 55. Kf3 Ke8 56. Rd3 Kf7 57. Ke2 Rc2+ 58. Rd2 Rxd2+ 59. Kxd2 Bxf2 60. Ke2 Bd4 61. Kf3 Bb2 62. Ke4 Bc1 63. Kf3 Bb2 64. Bf6 Bc1 65. Bg5 Bb2 1/2-1/2


[Site "https://www.chess.com"]

[Event "Titled Tuesday Blitz May 4 2021"]
[White "Sapunov, Evgeny"]
[Black "AldokhinIvan"]
[WhiteFideId "4126661"]
[WhiteElo "2470"]
[BlackElo "2528"]
[Result "0-1"]
[Round "02"]
[TimeControl "180+1"]
[Date "2021.05.04"]
[WhiteClock "0:00:57"]
[BlackClock "0:01:08"]

1. c4 Nf6 2. Nf3 g6 3. Nc3 Bg7 4. e4 d6 5. d4 O-O 6. Be2 Nc6 7. d5 Nb4 8. O-O Re8 9. Re1 e6 10. a3 Na6 11. dxe6 Bxe6 12. Nd4 Nc5 13. f3 a5 14. b3 Nh5 15. Rb1 Qh4 16. Be3 Be5 17. h3 Bd7 18. Bf2 Qf4 19. Kf1 Bxh3 20. gxh3 Qh2 21. Bd3 Nxd3 22. Qxd3 Nf4 0-1


[Site "https://www.chess.com"]

[Event "Titled Tuesday Blitz May 4 2021"]
[White "Sargsyan, Anna M."]
[Black "Jobava, Baadur"]
[WhiteFideId "13308130"]
[BlackFideId "13601520"]
[WhiteElo "2263"]
[BlackElo "2748"]
[Result "0-1"]
[Round "02"]
[TimeControl "180+1"]
[Date "2021.05.04"]
[WhiteClock "0:02:14"]
[BlackClock "0:02:26"]

1. d4 d5 2. c4 c6 3. Nf3 Nf6 4. Nc3 dxc4 5. a4 a5 6. e3 Bg4 7. Bxc4 e6 8. h3 Bh5 9. g4 Bg6 10. Ne5 Nbd7 11. h4 Nxe5 12. dxe5 Qxd1+ 13. Nxd1 Nxg4 14. f4 Bb4+ 15. Ke2 Bh5 16. Kf1 Nxe5 17. fxe5 Bxd1 0-1


[Site "https://www.chess.com"]

[Event "Titled Tuesday Blitz May 4 2021"]
[White "Saucey, Michel"]
[Black "Korkmaz, Necmettin"]
[WhiteFideId "601845"]
[BlackFideId "6303285"]
[WhiteElo "2253"]
[BlackElo "2094"]
[Result "0-1"]
[Round "02"]
[TimeControl "180+1"]
[Date "2021.05.04"]
[WhiteClock "0:00:04"]
[BlackClock "0:00:45"]

1. e4 e5 2. Nf3 Nc6 3. Bb5 Nf6 4. O-O Nxe4 5. Re1 Nd6 6. Nxe5 Be7 7. Bf1 Nxe5 8. Rxe5 O-O 9. Nc3 Bf6 10. Re1 c6 11. d4 Nf5 12. d5 d6 13. Ne4 c5 14. Bd3 Bd7 15. c3 Re8 16. Qf3 Nh4 17. Nxf6+ Qxf6 18. Rxe8+ Rxe8 19. Qd1 c4 20. Bxc4 Qg6 21. g3 Re1+ 22. Qxe1 Nf3+ 23. Kf1 Bh3+ 24. Ke2 Qe4+ 25. Be3 Nxe1 26. Rxe1 Qxc4+ 27. Kf3 Qxd5+ 28. Ke2 Bg4+ 29. f3 Qxf3+ 30. Kd2 Qg2+ 31. Kc1 Bf5 32. Bd2 f6 33. h4 Qxg3 34. Re3 Qg1+ 35. Be1 Qxe3+ 0-1


[Site "https://www.chess.com"]

[Event "Titled Tuesday Blitz May 4 2021"]
[White "Sawlin, Leonid"]
[Black "Dobrov, Vladimir"]
[WhiteFideId "4689542"]
[BlackFideId "4136594"]
[WhiteElo "2412"]
[BlackElo "2614"]
[Result "0-1"]
[Round "02"]
[TimeControl "180+1"]
[Date "2021.05.04"]
[WhiteClock "0:00:02"]
[BlackClock "0:00:05"]

1. e4 c5 2. Nf3 Nc6 3. d4 cxd4 4. Nxd4 Qb6 5. Nb3 Nf6 6. Nc3 e6 7. Bd3 a6 8. O-O h5 9. Qe1 d6 10. Be3 Qc7 11. h3 b5 12. a3 Bb7 13. f4 Be7 14. Qf2 Rc8 15. Rad1 h4 16. f5 e5 17. Bg5 b4 18. axb4 Nxb4 19. Qe1 Nxd3 20. Rxd3 Nh5 21. Bxe7 Qxe7 22. Rf2 Nf4 23. Rd1 O-O 24. Rfd2 Rfd8 25. Kh2 Rc7 26. Qe3 Ba8 27. Rg1 Qf6 28. g3 hxg3+ 29. Qxg3 Kf8 30. Rgd1 Ke7 31. Re1 Rh8 32. Nd5+ Bxd5 33. exd5 Rxh3+ 34. Qxh3 Nxh3 35. Kxh3 Qxf5+ 36. Kg3 Rxc2 37. Rxc2 Qxc2 38. Nd4 Qd3+ 39. Nf3 Qxd5 40. Kf2 f6 41. Re2 g5 42. Nh4 gxh4 43. Ke3 Qd4+ 44. Kf3 f5 45. Kg2 Qg4+ 46. Kf2 h3 47. Ke3 d5 48. Rc2 Qd4+ 49. Kf3 Qe4+ 50. Kg3 Qxc2 51. Kh4 Qxb2 52. Kg5 Ke6 53. Kg6 h2 54. Kh7 h1=Q+ 55. Kg7 f4 56. Kf8 e4 57. Ke8 d4 58. Kf8 a5 59. Ke8 a4 60. Kf8 a3 61. Ke8 d3 62. Kf8 e3 63. Ke8 f3 64. Kf8 f2 65. Ke8 e2 66. Kd8 d2 67. Ke8 a2 68. Kf8 a1=Q 69. Ke8 d1=Q 70. Kf8 e1=Q 71. Ke8 Kd6+ 72. Kd8 f1=Q 73. Kc8 Qbc1+ 74. Kd8 Qcd2 75. Kc8 Qhh4 76. Kb7 Qdd3 77. Kc8 Qhf6 78. Kb7 Kd7 79. Kb8 Qab1+ 80. Ka8 Qd3d2 81. Ka7 Qd2c1 82. Ka8 Kc7 83. Ka7 Kc6 84. Ka8 Qfa1# 0-1


[Site "https://www.chess.com"]

[Event "Titled Tuesday Blitz May 4 2021"]
[White "Schut, Han"]
[Black "Kretov, Evgenij"]
[WhiteFideId "1005561"]
[BlackFideId "4167821"]
[WhiteElo "2057"]
[BlackElo "2381"]
[Result "0-1"]
[Round "02"]
[TimeControl "180+1"]
[Date "2021.05.04"]
[WhiteClock "0:00:12"]
[BlackClock "0:01:27"]

1. e4 c5 2. Nf3 Nc6 3. d4 cxd4 4. Nxd4 g6 5. c4 Nf6 6. Nc3 d6 7. Be2 Nxd4 8. Qxd4 Bg7 9. Bg5 O-O 10. Qd2 Be6 11. Rc1 Qa5 12. O-O Rfc8 13. b3 a6 14. f4 Rc5 15. Bf3 Rb8 16. Rb1 Rcc8 17. Kh1 b5 18. f5 gxf5 19. exf5 Bxf5 20. b4 Qd8 21. Bxf6 Bxf6 22. Nd5 Bxb1 23. Nxf6+ exf6 24. Rxb1 bxc4 25. Be4 Qf8 26. Rf1 c3 27. Qc2 Qh6 28. Rf3 Qd2 29. Bxh7+ Kf8 30. Qf5 c2 31. Qxf6 c1=Q+ 32. Rf1 Qxf1+ 33. Qxf1 Rc1 0-1


[Site "https://www.chess.com"]

[Event "Titled Tuesday Blitz May 4 2021"]
[White "Schut, Lisa"]
[Black "Ohanyan, Emin"]
[WhiteFideId "1019481"]
[BlackFideId "13312022"]
[WhiteElo "2234"]
[BlackElo "1648"]
[Result "0-1"]
[Round "02"]
[TimeControl "180+1"]
[Date "2021.05.04"]
[WhiteClock "0:00:05"]
[BlackClock "0:00:04"]

1. e4 e5 2. Nf3 Nc6 3. Bc4 Nf6 4. d4 exd4 5. e5 d5 6. Bb5 Ne4 7. Nxd4 Bc5 8. Be3 O-O 9. Bxc6 bxc6 10. Nd2 Qe8 11. O-O Bb6 12. Nxe4 dxe4 13. Qh5 f5 14. Qxe8 Rxe8 15. Nxc6 Bb7 16. Nd4 Rxe5 17. c4 f4 18. Bxf4 Bxd4 19. Bxe5 Bxe5 20. Rab1 Bc6 21. Rfe1 Rb8 22. b3 a5 23. Kf1 Bd4 24. Rbd1 Bc5 25. Re2 Ra8 26. Red2 Kf7 27. Rd8 Ra7 28. Rh8 h6 29. Rb8 Ke6 30. Rg8 Kf7 31. Rb8 Ra6 32. Rdd8 Be7 33. Rdc8 Ke6 34. Ke2 Bd7 35. Rg8 Bf6 36. Ke3 a4 37. Kxe4 a3 38. b4 Rd6 39. c5 Rd2 40. Ra8 Bc6+ 41. Ke3 Rxa2 42. Ra6 Kd5 43. Rb8 Bd7 44. Ra5 Bd4+ 45. Kf3 Kc4 46. Rb7 Bc6+ 47. Kg3 Bxb7 48. f3 Bc6 49. b5 Bxb5 50. Ra7 Bxc5 51. Rxc7 Rxg2+ 52. Kxg2 a2 53. Rxg7 a1=Q 54. Kg3 Qxg7+ 55. Kh3 Bd7+ 56. Kh4 Qg5# 0-1


[Site "https://www.chess.com"]

[Event "Titled Tuesday Blitz May 4 2021"]
[White "Seo, Jung Min"]
[Black "Injac, Teodora"]
[WhiteFideId "1734687"]
[BlackFideId "932400"]
[WhiteElo "2486"]
[BlackElo "2308"]
[Result "0-1"]
[Round "02"]
[TimeControl "180+1"]
[Date "2021.05.04"]
[WhiteClock "0:02:10"]
[BlackClock "0:00:57"]

1. e4 c5 2. Nc3 d6 3. Nge2 Nf6 4. g3 Nc6 5. Bg2 g6 6. O-O Bg7 7. d3 O-O 8. h3 Rb8 9. f4 Bd7 10. g4 h5 11. g5 Nh7 12. f5 Ne5 13. Nd5 e6 14. f6 exd5 15. fxg7 Kxg7 16. exd5 Nxg5 17. Kh2 Qe7 18. d4 cxd4 19. Nxd4 Rbe8 20. b3 Nxh3 21. Bxh3 Qh4 22. Rf3 Nxf3+ 23. Qxf3 Qxd4 24. Rb1 Qe5+ 25. Kg2 Bxh3+ 26. Kxh3 Qe2 27. Bb2+ f6 0-1


[Site "https://www.chess.com"]

[Event "Titled Tuesday Blitz May 4 2021"]
[White "Serikbay, Assel"]
[Black "Nguyen, Quoc Hy"]
[WhiteFideId "13706799"]
[BlackFideId "12410853"]
[WhiteElo "2044"]
[BlackElo "1975"]
[Result "1-0"]
[Round "02"]
[TimeControl "180+1"]
[Date "2021.05.04"]
[WhiteClock "0:00:09"]
[BlackClock "0:00:11"]

1. e4 c5 2. Nf3 Nf6 3. e5 Nd5 4. c3 Nc6 5. d4 cxd4 6. cxd4 e6 7. Nc3 Nxc3 8. bxc3 d6 9. exd6 Bxd6 10. Bd3 b6 11. O-O Bb7 12. d5 exd5 13. Re1+ Ne7 14. Qa4+ Kf8 15. Qh4 Ng6 16. Qh5 Qf6 17. Bg5 Qxc3 18. Bxg6 fxg6 19. Qh4 Re8 20. Rxe8+ Kxe8 21. Re1+ Kf7 22. Bd2 Qf6 23. Ng5+ Kf8 24. Qg4 h6 25. Qd7 Bxh2+ 26. Kxh2 hxg5+ 27. Kg1 Kg8 28. Re8+ Kh7 29. Qh3# 1-0


[Site "https://www.chess.com"]

[Event "Titled Tuesday Blitz May 4 2021"]
[White "Shahade, Gregory"]
[Black "Kalajzic, Ivan"]
[WhiteFideId "2009064"]
[BlackFideId "14506378"]
[WhiteElo "2644"]
[BlackElo "2163"]
[Result "1/2-1/2"]
[Round "02"]
[TimeControl "180+1"]
[Date "2021.05.04"]
[WhiteClock "0:01:50"]
[BlackClock "0:02:06"]

1. e4 Nc6 2. Nf3 d6 3. d4 Bg4 4. Be3 Nf6 5. Nc3 g6 6. h3 Bxf3 7. Qxf3 Bg7 8. g3 O-O 9. Bg2 e5 10. dxe5 Nxe5 11. Qe2 c6 12. O-O Re8 13. Rad1 Qc7 14. Rfe1 b5 15. a3 Nc4 16. Bc1 Nd7 17. Rd3 Nc5 1/2-1/2


[Site "https://www.chess.com"]

[Event "Titled Tuesday Blitz May 4 2021"]
[White "Shamsi, Mohammadhossein"]
[Black "Guzman Moneo, Alberto"]
[WhiteFideId "12507326"]
[BlackFideId "2209616"]
[WhiteElo "2203"]
[BlackElo "2157"]
[Result "1-0"]
[Round "02"]
[TimeControl "180+1"]
[Date "2021.05.04"]
[WhiteClock "0:02:00"]
[BlackClock "0:00:31"]

1. d4 Nf6 2. Nf3 c5 3. d5 g6 4. c4 b5 5. cxb5 a6 6. bxa6 d6 7. Nc3 Bxa6 8. g3 Nbd7 9. Bg2 Nb6 10. O-O Bg7 11. Qc2 Bc4 12. Rd1 Nbxd5 13. Nd2 Nxc3 14. Qxc3 Bxe2 15. Bc6+ Kf8 16. Re1 Bg4 17. Bxa8 Qxa8 18. f3 Ne4 19. Qd3 Bd4+ 20. Kg2 Nxd2 21. Bxd2 Bxb2 22. Rab1 Bg7 23. Qe4 Qxe4 24. Rb8+ Bc8 25. Rxc8# 1-0


[Site "https://www.chess.com"]

[Event "Titled Tuesday Blitz May 4 2021"]
[White "Shapiro, David"]
[Black "Zhigalko, Sergei"]
[WhiteFideId "24133523"]
[BlackFideId "13502956"]
[WhiteElo "2261"]
[BlackElo "2662"]
[Result "1/2-1/2"]
[Round "02"]
[TimeControl "180+1"]
[Date "2021.05.04"]
[WhiteClock "0:00:05"]
[BlackClock "0:00:05"]

1. d4 Nf6 2. Nf3 e6 3. c4 b6 4. g3 Ba6 5. b3 Bb4+ 6. Bd2 Be7 7. Bg2 c6 8. O-O d5 9. Ne5 Nfd7 10. Nxd7 Nxd7 11. Bc3 dxc4 12. Bxc6 Rc8 13. Bg2 Nf6 14. bxc4 Bxc4 15. Bb2 O-O 16. Nd2 Ba6 17. Re1 Qd7 18. Ne4 Nxe4 19. Bxe4 Bb4 20. Rf1 Rfd8 21. a3 Bc3 22. Bxc3 Rxc3 23. Qd2 Qxd4 24. Qxd4 Rxd4 25. Rfd1 Rxd1+ 26. Rxd1 g6 27. Rd8+ Kg7 28. Rd7 Bxe2 29. Rxa7 h5 30. h4 Rc1+ 31. Kg2 Bf1+ 32. Kh2 Ra1 33. Rb7 Rxa3 34. Rxb6 Ra4 35. Bf3 Ra2 36. Kg1 Bd3 37. Rb7 Ra1+ 38. Kg2 Ba6 39. Rc7 Bb5 40. Rb7 Bc4 41. Bc6 Rc1 42. Bf3 Bf1+ 43. Kh2 Bd3 44. Ra7 Rc2 45. Kg2 Rc1 46. Rd7 Bf1+ 47. Kh2 Kf8 48. Rb7 Bd3 49. Ra7 Bf5 50. Kg2 Rc2 51. Rb7 Rd2 52. Ra7 Kg7 53. Bc6 e5 54. Ra5 Re2 55. Bf3 Re1 56. Ra4 Kf6 57. Ra6+ Be6 58. Bd5 Rd1 59. Bxe6 fxe6 60. Ra4 Rd4 61. Ra8 e4 62. Ra3 Ke5 63. Ra5+ Kf6 64. Ra3 Rd3 65. Ra4 Kf5 66. Ra5+ e5 67. Ra8 Rd2 68. Rf8+ Ke6 69. Kf1 Rb2 70. Rg8 Kf7 71. Ra8 Rb3 72. Ke2 Kf6 73. Rf8+ Ke6 74. Ra8 Rf3 75. Ra4 Kf5 76. Ra8 Rb3 77. Rf8+ Ke6 78. Ra8 Rc3 79. Rb8 Kd5 80. Rd8+ Ke6 81. Ra8 Rb3 82. Rf8 e3 83. fxe3 e4 84. Re8+ Kd5 85. Rd8+ Ke5 86. Re8+ Kf5 87. Rf8+ Kg4 88. Rf4+ Kxg3 89. Rxe4 Rb2+ 90. Kd3 Rh2 91. Re6 Kxh4 92. Rxg6 Rh3 93. Kd4 Rg3 94. Rh6 Rg4+ 95. e4 Kg5 96. Rh8 h4 97. Kd5 Kf4 98. e5 Kg3 99. e6 Rg5+ 100. Kd6 Rg6 101. Kd7 h3 102. e7 Rg7 103. Rxh3+ Kxh3 104. Kd8 Rxe7 105. Kxe7 1/2-1/2


[Site "https://www.chess.com"]

[Event "Titled Tuesday Blitz May 4 2021"]
[White "Shlyakhetsky, Vladimir"]
[Black "Zemerov, Vladimir"]
[WhiteFideId "2805928"]
[BlackFideId "4111583"]
[WhiteElo "2168"]
[BlackElo "2277"]
[Result "1/2-1/2"]
[Round "02"]
[TimeControl "180+1"]
[Date "2021.05.04"]
[WhiteClock "0:00:18"]
[BlackClock "0:02:05"]

1. d4 e6 2. Nf3 d5 3. g3 Nf6 4. Bg2 b6 5. O-O Bb7 6. c4 Bd6 7. Nc3 Nbd7 8. Nd2 c5 9. dxc5 Nxc5 10. cxd5 Nxd5 11. Nxd5 Bxd5 12. Bxd5 exd5 13. Nf3 Bc7 14. Qd4 Ne6 15. Qa4+ Qd7 16. Qxd7+ Kxd7 17. Rd1 Kc6 18. Be3 Rad8 19. Nd4+ Nxd4 20. Bxd4 f6 21. Rac1+ Kb7 22. Rc2 Rd7 23. e3 Rhd8 24. b4 Be5 25. b5 Rd6 26. f4 Bxd4 27. Rxd4 f5 28. Kf2 R8d7 29. Rcd2 g6 30. R2d3 Kc7 31. Ra3 Kb7 32. Rad3 Kc7 33. Ra3 1/2-1/2


[Site "https://www.chess.com"]

[Event "Titled Tuesday Blitz May 4 2021"]
[White "Shtyka, Sergey"]
[Black "Ismayil, Malak"]
[WhiteFideId "4138465"]
[BlackFideId "13412604"]
[WhiteElo "2102"]
[BlackElo "1879"]
[Result "1-0"]
[Round "02"]
[TimeControl "180+1"]
[Date "2021.05.04"]
[WhiteClock "0:00:06"]
[BlackClock "0:00:02"]

1. e4 e5 2. Nf3 Nc6 3. Nc3 Nf6 4. Bb5 d6 5. d4 exd4 6. Qxd4 Bd7 7. Bxc6 Bxc6 8. Bg5 Be7 9. O-O-O h6 10. Bh4 O-O 11. Rhe1 Nd7 12. Bxe7 Qxe7 13. g3 Qf6 14. Re3 Rfe8 15. Qd2 Rad8 16. Nd4 Ne5 17. Qe2 Nd7 18. f4 Nc5 19. a3 Re7 20. Nf5 Ree8 21. Nd4 Re7 22. Kb1 Rde8 23. Nf5 Re6 24. Nd4 R6e7 25. Nxc6 bxc6 26. Re1 Qd4 27. Rd1 Qf6 28. Qc4 Qe6 29. Qxe6 Rxe6 30. Rde1 f5 31. e5 dxe5 32. Rxe5 Rxe5 33. Rxe5 Rxe5 34. fxe5 Kf7 35. b4 Nd7 36. Na4 Nxe5 37. Nc5 Nc4 38. Ka2 Ne3 39. Kb3 Nf1 40. Na6 Nxh2 41. Nxc7 Nf1 42. a4 Nxg3 43. b5 cxb5 44. Nxb5 a6 45. Nd6+ Ke6 46. Nc4 f4 47. Nd2 Nf5 48. Kb4 g5 49. Ka5 Nd4 50. Kxa6 Nxc2 51. Kb5 Nd4+ 52. Kb6 Nf5 53. a5 Ne7 54. a6 g4 55. Kb7 f3 56. a7 f2 57. a8=Q f1=Q 58. Nxf1 Nf5 59. Qa2+ Kf6 60. Ka8 Kg5 61. Qd2+ Kg6 62. Qf4 h5 63. Ng3 Nxg3 64. Qxg3 Kg5 65. Qe5+ Kh4 66. Qf4 Kh3 67. Qf1+ Kh4 68. Qh1+ Kg5 69. Qc1+ Kh4 70. Qe1+ Kg5 71. Qg3 h4 72. Qe5+ Kg6 73. Qf4 g3 74. Qg4+ Kf6 75. Qxh4+ Kf5 76. Qxg3 1-0


[Site "https://www.chess.com"]